 Dungeon Crawl Stone Soup version 0.31-a0-879-g1609e0ac53 (webtiles) character file.

Game seed: 2828956122816955633

56 Lugonue the Cutter (level 3, -3/21 HPs)
             Began as a Vampire Gladiator on Oct 14, 2023.
             Slain by Natasha (7 damage)
             ... on level 2 of the Dungeon.
             The game lasted 00:01:54 (859 turns).

Lugonue the Cutter (Vampire Gladiator)               Turns: 859, Time: 00:01:55

Health: -3/21      AC:  5    Str: 13    XL:     3   Next: 71%
Magic:  3/3        EV: 13    Int: 12    God:
Gold:   94         SH:  0    Dex: 15    Spells: 2/2 levels left

rFire   . . .        a - +0 rapier
rCold   + + .        (no shield)
rNeg    + + +        b - +0 leather armour
rPois   ∞            c - +0 helmet
rElec   .            k - +0 cloak
rCorr   .            (no gloves)
SInv    +            (no boots)
Will    .....        (no amulet)
Stlth   ++++         (no ring)
HPRegen 0.00/turn    (no ring)
MPRegen 0.08/turn

%: no passive effects
@: bloodless, inhibited regen
A: bloodless, fangs 3, see invisible, vampiric 2
a: Bat Form, Revivify


You were on level 2 of the Dungeon.
You visited 1 branch of the dungeon, and saw 2 of its levels.

You collected 94 gold pieces.

Inventory:

Hand Weapons
 a - a +0 rapier (weapon)
 o - a +1 falchion of freezing
Missiles
 d - 3 throwing nets (quivered)
 e - a javelin
Armour
 b - a +0 leather armour (worn)
 c - a +0 helmet (worn)
 k - a +0 cloak (worn)
Scrolls
 f - a scroll of noise {unknown}
 g - a scroll of enchant armour {unknown}
 i - 4 scrolls of identify {unknown}
 j - a scroll of enchant weapon {unknown}
 l - a scroll of immolation {unknown}
 m - a scroll of vulnerability {unknown}
Potions
 h - a potion of might
 n - a potion of curing {unknown}


   Skills:
 * Level 2.1 Fighting
 + Level 3.9 Short Blades
 + Level 1.6 Throwing
 + Level 0.5 Armour
 + Level 3.6 Dodging
 * Level 3.0 Stealth


You had 2 spell levels left.
You didn't know any spells.
Your spell library contained the following spells:

 Spells                   Type           Power      Damage    Failure   Level
 Blink                    Tloc           0%         N/A       54%         2
 Lesser Beckoning         Tloc           0%         N/A       54%         2
 Momentum Strike          Conj/Tloc      0%         3d8       54%         2
 Sublimation of Blood     Necr           0%         N/A       54%         2
 Wereblood                Tmut           0%         N/A       54%         2
 Summon Hydra             Summ           0%         N/A       100%        7


Dungeon Overview and Level Annotations

Branches:
Dungeon (2/15)

Altars:

Annotations:
D:2 Natasha


Innate Abilities, Weirdness & Mutations

You do not regenerate when monsters are visible.
You are frail without blood (-20% HP).
You can heal yourself when you bite living creatures.
You are immune to poison.
You have razor-sharp teeth.
You have supernaturally acute eyesight. (SInv)
You are afflicted with vampirism and can become a bat while bloodless.


Message History

You hit Natasha.
Natasha is severely wounded.
Natasha misses you. The cerulean imp closely misses you.
You closely miss Natasha.
Natasha is severely wounded.
Natasha wildly gestures.
Natasha's front paws start to glow.
Natasha closely misses you.
The cerulean imp hits you but does no damage.
You barely miss Natasha.
Natasha is severely wounded.
Natasha closely misses you.
The cerulean imp hits you from afar with a +0 spear.
You hit Natasha but do no damage.
Natasha is severely wounded.
Natasha claws you but does no damage.
The cerulean imp hits you but does no damage.
You barely miss Natasha. Your bite misses Natasha.
Natasha is severely wounded.
Natasha casts a spell at you. The magic dart hits you.
* * * LOW HITPOINT WARNING * * *
The cerulean imp hits you from afar with a +0 spear.
* * * LOW HITPOINT WARNING * * *
You miss Natasha.
Natasha is severely wounded.
Natasha closely misses you.
The cerulean imp hits you from afar with a +0 spear.
* * * LOW HITPOINT WARNING * * *
Unknown command.
Okay, then.
Unknown command.
Natasha mumbles some strange words.
You feel disoriented.
There is an open door here.
The cerulean imp attacks as it pursues you!
The cerulean imp barely misses you. Natasha claws you!
You die...
Natasha begins licking her fur clean.

####.......# .#.
#.......# ###...
#[......# #...
##.......###.#
#.............# #
..............# #.#
.............5.# ..
...........###'#+#.#
..............h@.#
................+
######..........#
#...........#
#....<........
#..............
#..........##...
.########.# #♣♣


You could see Natasha and a cerulean imp (summoned).

Vanquished Creatures
  Natasha (D:2)
  A bat (D:1)
  2 giant cockroaches (D:1)
  2 goblins (D:1)
  3 hobgoblins (D:1)
  8 jackals (D:1)
  3 kobolds
  2 quokkas (D:1)
  4 ball pythons (D:1)
  A rat (D:2)
27 creatures vanquished.

Notes
Turn   | Place    | Note
-------+----------+-------------------------------------------
     0 | D:1      | Lugonue the Vampire Gladiator began the quest for the Orb.
     0 | D:1      | Reached XP level 1. HP: 16/16 MP: 1/1
   224 | D:1      | Reached skill level 1 in Stealth
   228 | D:1      | Reached XP level 2. HP: 16/17 MP: 2/2
   610 | D:1      | Gained mutation: You are afflicted with vampirism and can
                  | become a bat while bloodless. [Vampire growth]
   610 | D:1      | Reached XP level 3. HP: 21/21 MP: 3/3
   808 | D:2      | Noticed Natasha
   822 | D:2      | Killed Natasha
   843 | D:2      | Noticed Natasha
   859 | D:2      | Slain by Natasha

Illustrated notes

Levels and vault maps discovered:
D:1:      orjb1_clovarrival, layout_basic
D:2:      layout_basic, hex_large, uniq_natasha, uniq_terence,
          uniq_crazy_yiuf_cottage

Skill      XL: |  1  2  3 |
---------------+----------+-----
Stealth        | 1 2 3 |  3.0
Fighting       | 2 |  2.1
Short Blades   | |  3.9
Throwing       | |  1.6
Armour         | |  0.5
Dodging        | |  3.6

Action                     || total
---------------------------++-------
  Melee: Rapier            ||    76
         Bite              ||     4
Ability: Exsanguinate      ||     1
    Use: Potion            ||     1
   Stab: Sleeping          ||     9
 Armour: Leather armour    ||    53
  Dodge: Dodged            ||    54

Table legend: (Time is in decaauts)
 A = Elapsed time spent in this place.
 B = Non-inter-level travel time spent in this place.
 C = Inter-level travel time spent in this place.
 D = Time resting spent in this place.
 E = Time spent auto-exploring this place.
 F = Levels seen in this place.
 G = Mean time per level.
                   A        B        C        D        E       F      G
               +--------+--------+--------+--------+--------+-----+--------+
         Total |    874 |    841 |     33 |      0 |    598 |   2 |  437.0 |
       Dungeon |    874 |    841 |     33 |      0 |    598 |   2 |  437.0 |
               +--------+--------+--------+--------+--------+-----+--------+

Top non-repeatable levels by time:
     D:1: 789 daAuts
     D:2: 84 daAuts
